 Dungeon Crawl Stone Soup version 0.20-a0-971-g5896763 (webtiles) character file.

617 Hybris the Cudgeler (level 7, 0/72 HPs)
             Began as an Ogre Gladiator on Apr 8, 2017.
             Was a Follower of Uskayaw.
             Slain by tsouns's ghost (1 damage)
             ... on level 5 of the Dungeon.
             The game lasted 00:09:22 (5393 turns).

Hybris the Cudgeler (Ogre Gladiator)                Turns: 5393, Time: 00:09:24

Health: 0/72       AC:  3    Str: 21    XL:     7   Next: 45%
Magic:  7/7        EV: 10    Int:  9    God:    Uskayaw [*.....]
Gold:   148        SH:  0    Dex: 10    Spells: 6/6 levels left

rFire    . . .     SeeInvis .   a - +0 flail
rCold    . . .     Gourm    .   (no shield)
rNeg     . . .     Faith    .   b - +0 robe
rPois    .         Spirit   .   c - +0 hat
rElec    .         Reflect  .   (no cloak)
rCorr    .         Harm     .   (gloves unavailable)
MR       .....                  (boots unavailable)
Stlth    +.........             (no amulet)
Regen    0.3/turn               x - ring of ice
MPRegen  0.1/turn               j - ring of fire

@: very slightly contaminated, invisible
A: unfitting armour, tough skin 1
a: Stomp, Renounce Religion


You were on level 5 of the Dungeon.
You worshipped Uskayaw.
Uskayaw was noncommittal.
You were not hungry.

You visited 1 branch of the dungeon, and saw 5 of its levels.

You collected 148 gold pieces.

Inventory:

Hand Weapons
 a - a +0 flail (weapon)
 E - a +0 giant club
Missiles
 d - 2 throwing nets
 g - a large rock (quivered)
 s - 2 poisoned tomahawks
Armour
 b - a +0 robe (worn)
 c - a +0 hat (worn)
Jewellery
 j - a ring of fire (right hand)
 x - a ring of ice (left hand)
Scrolls
 e - 3 scrolls of recharging
 k - a scroll of enchant weapon {unknown}
 n - a scroll of amnesia
 p - 4 scrolls of remove curse
 q - a scroll of fog {unknown}
 r - 4 scrolls of blinking
 t - a scroll of enchant armour {unknown}
 u - 3 scrolls of identify
 y - a scroll of noise {unknown}
Potions
 l - 2 potions of curing
 m - a potion of magic {unknown}
 o - a potion of lignification {unknown}
 w - a potion of resistance {unknown}
 z - a potion of mutation {unknown}
 A - a potion of degeneration {unknown}
 B - a potion of agility {unknown}
Comestibles
 f - 2 bread rations
 i - 5 meat rations
 v - 4 fruits
 D - a royal jelly


   Skills:
 + Level 5.4 Fighting
 * Level 5.7 Maces & Flails
 + Level 4.4 Throwing
 - Level 2.6 Dodging


You had 6 spell levels left.
You didn't know any spells.

Dungeon Overview and Level Annotations

Branches:
Dungeon (5/15)
 Temple: D:4-7

Altars:
Fedhas
Makhleb
Nemelex Xobeh
Uskayaw
Wu Jian

Annotations:
D:5 tsouns's ghost, legendary HaHu


Innate Abilities, Weirdness & Mutations

You are too large for most types of armour.
You have tough skin. (AC +1)


Message History

You fade into invisibility!
You are very lightly contaminated with residual magic.
A sky beast appears from thin air!
Reactivating autopickup.
Tsouns's ghost (legendary Halfling Hunter) comes into view.
It is wielding a weapon of flaming.
Tsouns's ghost turns its malevolent gaze towards you.
You completely miss tsouns's ghost. The sky beast hits you.
* * * LOW HITPOINT WARNING * * *
The sky beast shocks you.
* * * LOW HITPOINT WARNING * * *
Tsouns's ghost hits you but does no damage.
A worker ant comes into view.
You miss tsouns's ghost. The sky beast hits you.
* * * LOW HITPOINT WARNING * * *
The sky beast shocks you.
* * * LOW HITPOINT WARNING * * *
Tsouns's ghost hits you.
* * * LOW HITPOINT WARNING * * *
Tsouns's ghost burns you.
You die...

..#. #......##.... .....
#...a....... ....
#.......... ...... #..#
##.......... ...... #..
#........... ...... #.##
##..........# .>....
#..###.<.......#.. ......
##...#.W..###..# ......
##......@..# #....
......###..####..Y## ....
.......#..## #...# ....
.........## #..## #.#..
.........# #..# #.##
......#..# ####.≈####...##
......##.###......#......#.
...... ##......##(...)....=
...... #...######..........


You could see a sky beast, a worker ant (wandering) and tsouns's ghost.

Vanquished Creatures
  Purgy (D:4)
  A phantom (D:5)
  An ogre (D:5)
  A scorpion (D:4)
  A howler monkey (D:2)
  2 hounds (D:4)
  2 worker ants
  5 adders
  An ooze (D:2)
  4 worms
  3 dart slugs
  4 leopard geckos
  4 orcs
  9 bats
  2 giant cockroaches
  16 goblins
  6 hobgoblins
  4 jackals
  2 quokkas (D:3)
  3 ball pythons
  7 frilled lizards
  5 kobolds
  8 rats
92 creatures vanquished.

Notes
Turn   | Place    | Note
-------+----------+-------------------------------------------
     0 | D:1      | Hybris the Ogre Gladiator began the quest for the Orb.
     0 | D:1      | Reached XP level 1. HP: 22/22 MP: 1/1
   313 | D:1      | Reached XP level 2. HP: 27/31 MP: 2/2
   418 | D:1      | You fall through a shaft!
   642 | D:2      | Found a hide-covered altar of Uskayaw.
   661 | D:2      | Became a worshipper of Uskayaw the Reveler
   717 | D:2      | Reached * piety under Uskayaw
   776 | D:2      | Found an ornate altar of the Wu Jian Council.
   821 | D:2      | Reached ** piety under Uskayaw
   935 | D:2      | Reached XP level 3. HP: 29/37 MP: 3/3
  1619 | D:2      | Reached XP level 4. HP: 45/45 MP: 4/4
  2357 | D:2      | HP: 2/48 [howler monkey (7)]
  2368 | D:2      | Reached XP level 5. HP: 19/54 MP: 5/5
  2368 | D:2      | Reached *** piety under Uskayaw
  3483 | D:3      | Found a blossoming altar of Fedhas.
  3665 | D:3      | Found a sparkling altar of Nemelex Xobeh.
  4270 | D:4      | Reached XP level 6. HP: 43/63 MP: 6/6
  4572 | D:4      | Noticed Purgy
  4578 | D:4      | Killed Purgy
  4578 | D:4      | Reached skill level 5 in Maces & Flails
  4627 | D:4      | Reached skill level 5 in Fighting
  4834 | D:4      | Found a burning altar of Makhleb.
  4981 | D:5      | Entered Level 5 of the Dungeon
  4987 | D:5      | Reached XP level 7. HP: 58/72 MP: 7/7
  5389 | D:5      | Noticed tsouns's ghost (legendary HaHu)
  5393 | D:5      | HP: 2/72 [sky beast (6)]
  5393 | D:5      | Slain by tsouns's ghost

Vault maps used:
D:1:      lightli_arrival_chessboard
D:2:      lemuel_doored_altar, marbit_many_paths
D:3:      fedhas_altar_1, nemelex_diamond_rough_becter
D:4:      first_bread, bloody_makhleb, uniq_purgy

Skill      XL: |  1  2  3  4  5  6 |
---------------+-------------------+-----
Fighting       | 3 4 5 |  5.4
Maces & Flails | 3 4 5 |  5.7
Throwing       | 3 4 |  4.4
Dodging        | |  2.6

Action                   |  1- 3 |  4- 6 |  7- 9 || total
-------------------------+-------+-------+-------++-------
Melee: Flail             |   130 |   210 |    28 ||   368
Throw: Large rock        |       |     5 |       ||     5
       Throwing net      |       |     1 |       ||     1
  Use: Potion            |       |     1 |     2 ||     3
       Scroll            |       |       |     6 ||     6
  Eat: Chunk             |     2 |    10 |     3 ||    15
Armor: Robe              |    54 |    88 |     4 ||   146
Dodge: Dodged            |    78 |   143 |     7 ||   228
